 Dungeon Crawl Stone Soup version 0.21.0-25-ge575cb9 (webtiles) character file.

108 Monsterracer the Ducker (level 4, -3/41 HPs)
             Began as a Minotaur Gladiator on Jan 26, 2018.
             Was an Initiate of Makhleb.
             Slain by an orc
             ... wielding a +0 flail
              (5 damage)
             ... on level 3 of the Dungeon.
             The game lasted 00:06:02 (3797 turns).

Monsterracer the Ducker (Minotaur Gladiator)        Turns: 3797, Time: 00:06:03

Health: -3/41      AC:  6    Str: 19    XL:     4   Next: 58%
Magic:  3/3        EV: 13    Int:  5    God:    Makhleb [......]
Gold:   119        SH:  0    Dex: 12    Spells: 3/3 levels left

rFire    + . .     SeeInvis .   a - +0 long sword {!a}
rCold    + . .     Gourm    .   (no shield)
rNeg     . . .     Faith    .   i - +0 ring mail
rPois    +         Spirit   .   f - +0 hat
rElec    +         Reflect  .   (no cloak)
rCorr    +         Harm     .   n - +0 pair of gloves
MR       .....                  (no boots)
Stlth    +.........             (no amulet)
HPRegen  0.13/turn              (no ring)
MPRegen  0.08/turn              (no ring)

@: lethally poisoned (-3 -> -5), resistant
A: retaliatory headbutt, horns 2
a: Renounce Religion


You were on level 3 of the Dungeon.
You worshipped Makhleb.
Makhleb was noncommittal.
You were not hungry.

You visited 1 branch of the dungeon, and saw 3 of its levels.

You collected 119 gold pieces.

Inventory:

Hand Weapons
 a - a +0 long sword (weapon) {!a}
Missiles
 d - 3 throwing nets (quivered)
Armour
 f - a +0 hat (worn)
 i - a +0 ring mail (worn)
 n - a +0 pair of gloves (worn)
Wands
 m - a wand of digging (14)
Scrolls
 e - 3 scrolls of identify {unknown}
 g - a scroll of amnesia {unknown}
 h - 3 scrolls of remove curse {unknown}
 l - 2 scrolls of fog {unknown}
 o - a scroll of enchant armour {unknown}
Potions
 j - a potion of brilliance
 k - a potion of cancellation
Comestibles
 c - 3 rations
 p - a chunk of flesh


   Skills:
 * Level 4.4 Fighting
 - Level 3.6 Long Blades
 - Level 2.0 Throwing
 * Level 4.7 Dodging
 * Level 0.7 Invocations


You had 3 spell levels left.
You didn't know any spells.

Dungeon Overview and Level Annotations

Branches:
Dungeon (3/15)

Altars:
Makhleb

Annotations:
D:3 Sigmund


Innate Abilities, Weirdness & Mutations

You reflexively headbutt those who attack you in melee.
You have a pair of horns on your head.


Message History

The hobgoblin is almost dead.
The hobgoblin hits you.
You take 1 damage, and have 37/41 hp.
A hobgoblin is nearby!
The hobgoblin barely misses you. The hobgoblin misses you.
A hobgoblin is nearby!
The hobgoblin closely misses you. You furiously retaliate!
You headbutt the hobgoblin.
You kill the hobgoblin!
Makhleb accepts your kill.
HP restored.
o - a scroll labeled DUOCSU FEPHIJ You see here a hobgoblin corpse.
Health restored: 41
There is an open door here.
You are feeling hungry.
You now have 119 gold pieces (gained 9).
There is an open door here.
You butcher the hobgoblin corpse.
p - 2 chunks of flesh Eating one of 2 chunks of flesh.
You eat one of the 2 chunks of flesh.
This raw flesh tastes terrible.
There is an open door here.
You open the door.
There is an open door here.
An orc comes into view. It is wielding a flail.
The orc shouts!
You hear an angry hiss.
A frilled lizard comes into view.
There are monsters nearby!
A hobgoblin comes into view.
The hobgoblin shouts!
The orc hits you with a flail.
You take 1 damage, and have 40/41 hp.
The orc barely misses you. The frilled lizard misses you.
Health restored: 41 The orc misses you. The frilled lizard barely misses you.
The frilled lizard misses you. The orc hits you but does no damage.
The frilled lizard closely misses you. You furiously retaliate!
You headbutt the frilled lizard!
You kill the frilled lizard!
Makhleb accepts your kill. The orc hits you with a flail!
You take 10 damage, and have 31/41 hp.
MASSIVE DAMAGE!!
The hobgoblin hits you. The orc hits you with a flail.
You take 2 damage, and have 29/41 hp.
The hobgoblin hits you.
You take 1 damage, and have 28/41 hp.
The orc hits you with a flail. The hobgoblin misses you.
You furiously retaliate!
You headbutt the hobgoblin!
You kill the hobgoblin!
Makhleb accepts your kill.
You take 5 damage, and have 23/41 hp.
An adder comes into view.
The adder hisses angrily.
There is an open door here.
The adder barely misses you. The orc misses you. The adder barely misses you.
You riposte.
You hit the adder.
The adder is heavily wounded.
The adder bites you.
You are poisoned.
The adder poisons you! The orc barely misses you.
You riposte.
You closely miss the orc.
You take 2 damage, and have 22/41 hp.
You feel sick. The adder closely misses you. The orc hits you with a flail.
* * * LOW HITPOINT WARNING * * *
The adder barely misses you.
You riposte.
You closely miss the adder.
The adder is heavily wounded.
You take 3 damage, and have 19/41 hp.
Unknown command.
The adder bites you.
* * * LOW HITPOINT WARNING * * *
The orc hits you with a flail.
* * * LOW HITPOINT WARNING * * *
You take 6 damage, and have 13/41 hp.
It was a potion of brilliance.
You feel clever all of a sudden. The adder barely misses you.
The orc hits you with a flail!
* * * LOW HITPOINT WARNING * * *
You take 7 damage, and have 6/41 hp.
It was a potion of cancellation.
Your magical effects are unravelling.
You feel magically purged.
You feel a little less clever now.
You feel sick. The adder bites you but does no damage. The adder bites you.
* * * LOW HITPOINT WARNING * * *
You take 4 damage, and have 2/41 hp.
It was a potion of resistance.
You feel protected. The orc misses you. You furiously retaliate!
You headbutt the orc. The adder barely misses you.
You riposte.
You barely miss the adder.
The adder is heavily wounded.
Evoke which item? (* to show all) (? for menu, Esc to quit)
Okay, then.
Evoke which item? (* to show all) (? for menu, Esc to quit)
Aiming: Dig
Press: ? - help, Shift-Dir - straight line The rock shatters into small pieces.
The orc hits you with a flail.
You die...

##.## #.###.###.# #.# #
#.# #.# #.# #.###.## ##+##
#..<...#
##...###..........# ##
##.....###########.# .##
##.......## ## .#
..####.........####...##.#
.....'.........o@S.....#.#
..####.........##.#...##.#
.## ##.......## #.# ## ##
##......## #.# ##...#..#
#.# ##'###.†# #.. ### #''#
... ≈..≈≈ #. ♣..♣♣≈


You could see an adder and an orc.

Vanquished Creatures
  A hound (D:2)
  2 adders (D:2)
  2 oozes (D:2)
  A worm (D:2)
  A dart slug (D:1)
  A leopard gecko (D:3)
  An orc (D:3)
  4 bats
  4 giant cockroaches
  5 goblins
  8 hobgoblins
  7 kobolds
  A frilled lizard (D:3)
  6 rats
44 creatures vanquished.

Notes
Turn   | Place    | Note
-------+----------+-------------------------------------------
     0 | D:1      | Monsterracer the Minotaur Gladiator began the quest for the Orb.
     0 | D:1      | Reached XP level 1. HP: 18/18 MP: 0/0
   476 | D:1      | Reached XP level 2. HP: 21/25 MP: 1/1
  1649 | D:2      | Found a burning altar of Makhleb.
  1660 | D:2      | Reached XP level 3. HP: 19/33 MP: 2/2
  1666 | D:2      | Became a worshipper of Makhleb the Destroyer
  2186 | D:2      | Reached XP level 4. HP: 24/40 MP: 3/3
  2486 | D:2      | HP: 14/40 [worm (7)]
  2939 | D:2      | HP: 20/40 [poisoned by an adder]
  2944 | D:2      | HP: 18/40 [poisoned by an adder]
  2949 | D:2      | HP: 16/40 [poisoned by an adder]
  2955 | D:2      | HP: 14/40 [poisoned by an adder]
  2963 | D:2      | HP: 13/40 [poisoned by an adder]
  3398 | D:3      | Noticed Sigmund
  3792 | D:3      | HP: 19/41 [orc/flail (2)]
  3794 | D:3      | HP: 6/41 [orc/flail (7)]
  3795 | D:3      | HP: 2/41 [adder (3)]
  3797 | D:3      | Slain by an orc

Skill      XL: |  1  2  3 |
---------------+----------+-----
Fighting       | 3 4 |  4.4
Dodging        | 4 |  4.7
Long Blades    | |  3.6
Throwing       | |  2.0
Invocations    | |  0.7

Action                   |  1- 3 |  4- 6 || total
-------------------------+-------+-------++-------
Melee: Headbutt          |     2 |     2 ||     4
Evoke: Wand              |       |     1 ||     1
  Use: Potion            |       |     3 ||     3
  Eat: Chunk             |     4 |     5 ||     9
Armor: Leather armour    |    12 |       ||    12
       Ring mail         |    55 |    30 ||    85
Dodge: Dodged            |   142 |    74 ||   216
       Rpst.: Long sword |    31 |    20 ||    51

Vault maps used:
D:1:      roderic_chinese_lattice_arrival
D:2:      makhleb_blood_cavern_becter
D:3:      overflow_temple_1_default, gammafunk_temple_overflow_elements,
          kennysheep_generic_room_5, uniq_sigmund
